Dynamic Boxscore Link
Tucson
Muertos
16-9
2
FINAL (OT)
1
Denver
Bandits
15-11
Summary
Boxscore
Lineups
Recap

2nd Period

1-0 MUEScore
12:41Time
5v5Type

3rd Period

1-1 TiedScore
10:58Time
5v5Type

Overtime

2-1 MUEScore
4:31Time
5v5Type

Penalties

2nd Period
Charlie Esau (BAN) for Fighting (Major) at 4:42
Braydon Trinh (MUE) for Fighting (Major) at 4:42
Braydon Trinh (MUE) for instigated a fight (Minor) at 4:42
Braydon Trinh (MUE) for instigated a fight (10 Minutes Misconduct) at 4:42
3rd Period
Dominick Maclellan (BAN) for Unsportsmanlike conduct (Minor) at 17:34
MUE
BAN

Tucson Muertos

# Player Pos G A PTS +/- S PIM TOI SB Hits GA TA
4 Carl Stiles D 0 2 2 1 1 0 21:20 2 2 0 0
23 Dalen Palmateer C 1 0 1 0 6 0 20:41 1 2 1 0
88 Elie Van Der Male C 0 1 1 1 2 0 17:29 1 3 1 0
12 Hale Labrecque RW 1 0 1 1 4 0 18:31 0 0 2 0
0 Leonard Bjorklund RW 0 0 0 0 2 0 06:42 0 2 0 0
0 Braydon Trinh C 0 0 0 0 0 17 04:38 1 1 0 0
82 Zackary Nowry C 0 0 0 0 1 0 18:24 0 2 0 0
38 Donavon Sorley LW 0 0 0 1 4 0 20:08 0 1 0 1
6 Vsevolod Neretin D 0 0 0 0 0 0 12:52 0 2 0 0
3 Casey Mctavish D 0 0 0 0 2 0 27:20 2 4 0 4
28 Feng Xingyi LW 0 0 0 0 2 0 19:09 1 0 1 0
22 Kody Schutz LW 0 0 0 0 3 0 19:29 1 0 1 0
2 Luke Vanni D 0 0 0 0 0 0 29:36 3 8 0 1
87 Artem Ivalahti RW 0 0 0 0 4 0 17:13 0 1 1 0
24 Bruno-Carl Young RW 0 0 0 -1 4 0 18:52 0 1 0 0
95 Zayden Rankine LW 0 0 0 0 1 0 06:42 0 3 0 0
9 Marcel Kacmarik D 0 0 0 0 0 0 05:50 0 0 0 0
10 Jaryd Rooke D 0 0 0 0 1 0 26:37 1 4 1 2
# Goalie GA SA SV SV% TOI
1 Lars-Bjorn Sundholm 0 0 0 0.000 0:00
31 Andrew Wiewel 1 36 35 0.972 64:31
MUE
BAN

Muertos

Muertos

5 vs 5 Forward
Line #Left WingCenterRight WingPHYDFOFWanted %Time %Time Play
1Feng XingyiDalen PalmateerBruno-Carl Young0053330%16:49
2Donavon SorleyElie Van Der MaleHale Labrecque1043329%16:07
3Kody SchutzZackary NowryArtem Ivalahti0053329%16:24
4Zayden RankineBraydon TrinhLeonard Bjorklund050112%6:42
5 vs 5 Defense
Line #DefenseDefensePHYDFOFWanted %Time %Time Play
1Luke VanniJaryd Rooke0233535%19:44
2Carl StilesCasey Mctavish0323533%18:45
3Casey MctavishVsevolod Neretin0322021%11:43
4Luke VanniJaryd Rooke0231010%5:50
Power Play Forward
Line #Left WingCenterRight WingPHYDFOFWanted %Time %Time Play
1Feng XingyiDalen PalmateerZackary Nowry0055059%1:10
2Artem IvalahtiElie Van Der MaleHale Labrecque0055041%0:49
Power Play Defense
Line #DefenseDefensePHYDFOFWanted %Time %Time Play
1Luke VanniJaryd Rooke0055053%1:03
2Donavon SorleyCarl Stiles0055047%0:56
Penalty Kill 4 Players Forward
Line #CenterWingPHYDFOFWanted %Time %Time Play
1Donavon SorleyBruno-Carl Young0505053%1:03
2Dalen PalmateerKody Schutz0505047%0:56
Penalty Kill 4 Players Defense
Line #DefenseDefensePHYDFOFWanted %Time %Time Play
1Casey MctavishVsevolod Neretin0505051%1:01
2Luke VanniMarcel Kacmarik0505049%0:58
Penalty Kill 3 Players
Line #WingPHYDFOFWanted %Time %Time PlayDefenseDefensePHYDFOFWanted %Time %Time Play
1Feng Xingyi050500%0:00 Casey MctavishVsevolod Neretin050500%0:00
2Dalen Palmateer050500%0:00 Luke VanniMarcel Kacmarik050500%0:00
4 vs 4 Forward
Line #CenterWingPHYDFOFWanted %Time %Time Play
1Dalen PalmateerFeng Xingyi005500%0:00
2Elie Van Der MaleDonavon Sorley032500%0:00
4 vs 4 Defense
Line #DefensePHYDFOFWanted %Time %Time Play
1Luke VanniCarl Stiles032500%0:00
2Marcel KacmarikJaryd Rooke032500%0:00
Last Minutes Offensive
Left WingCenterRight WingDefenseDefense
Feng XingyiDalen PalmateerHale LabrecqueLuke VanniCarl Stiles
Last Minutes Defensive
Left WingCenterRight WingDefenseDefense
Donavon SorleyElie Van Der MaleBruno-Carl YoungCasey MctavishVsevolod Neretin
Time
Total ForwardTotal DefenseLast Minutes OffensiveLast Minutes Defensive
60:00 60:00 0:000:00
Extra Forwards
Normal PowerPlayPenalty Kill
Dalen Palmateer, Kody Schutz, Donavon SorleyDalen Palmateer, Kody SchutzDalen Palmateer
Extra Defensemen
Normal PowerPlayPenalty Kill
Luke Vanni, Marcel Kacmarik, Carl StilesLuke Vanni, Marcel KacmarikLuke Vanni
Penalty Shots
Casey Mctavish, Zayden Rankine, Artem Ivalahti, Feng Xingyi, Hale Labrecque
Goalie
Andrew Wiewel, Lars-Bjorn Sundholm
Custom OT Lines Forwards
Dalen Palmateer, Feng Xingyi, Donavon Sorley, Hale Labrecque, Bruno-Carl Young, Kody Schutz, Elie Van Der Male, Zackary Nowry, Artem Ivalahti, Zayden Rankine
Custom OT Lines Defensemen
Luke Vanni, Carl Stiles, Marcel Kacmarik, Vsevolod Neretin, Casey Mctavish
Scratches
None
1st Period

0:01 of 1st period - Dominick Maclellan wins face-off versus Dalen Palmateer in neutral zone.
0:17 of 1st period - Snap shot by Bruno-Carl Young.
0:17 of 1st period - Stopped by Harri-Juhani Sutelainen without a rebound.
0:18 of 1st period - Hale Labrecque wins face-off versus Cade Calkins in Bandits zone.
0:25 of 1st period - Snap shot by Donavon Sorley.
0:25 of 1st period - Stopped by Harri-Juhani Sutelainen with a rebound.
0:45 of 1st period - Casey Mctavish is hit by Fernando Zanette and loses puck.
1:18 of 1st period - Snap shot by Bruno-Carl Young.
1:18 of 1st period - Stopped by Harri-Juhani Sutelainen with a rebound.
1:20 of 1st period - Wrist shot by Bruno-Carl Young.
1:20 of 1st period - Stopped by Harri-Juhani Sutelainen without a rebound.
1:21 of 1st period - Nino Hebar wins face-off versus Elie Van Der Male in Bandits zone.
2:10 of 1st period - Abram Nalyvaichuk is hit by Dalen Palmateer and loses puck.
2:37 of 1st period - Snap shot by Timothy Pham.
2:37 of 1st period - Stopped by Andrew Wiewel with a rebound.
2:39 of 1st period - Slapshot by Charlie Esau.
2:39 of 1st period - Shot Blocked by Braydon Trinh.
2:55 of 1st period - Snap shot by Elie Van Der Male.
2:55 of 1st period - Shot Misses the Net.
2:57 of 1st period - Slapshot by Casey Mctavish.
2:57 of 1st period - Shot Blocked by Dominick Maclellan.
2:59 of 1st period - Slapshot by Casey Mctavish.
2:59 of 1st period - Stopped by Harri-Juhani Sutelainen with a rebound.
3:01 of 1st period - Snap shot by Hale Labrecque.
3:01 of 1st period - Shot Hit the Post.
3:03 of 1st period - Snap shot by Hale Labrecque.
3:03 of 1st period - Stopped by Harri-Juhani Sutelainen with a rebound.
3:21 of 1st period - Slapshot by Lloyd Mceachern.
3:21 of 1st period - Stopped by Andrew Wiewel without a rebound.
3:22 of 1st period - Dalen Palmateer wins face-off versus Cade Calkins in Muertos zone.
3:37 of 1st period - Wrist shot by Bruno-Carl Young.
3:37 of 1st period - Shot Misses the Net.
3:45 of 1st period - Feng Xingyi is hit by Denis Kochetkov and loses puck.
4:16 of 1st period - Wrist shot by Dalen Palmateer.
4:16 of 1st period - Stopped by Harri-Juhani Sutelainen without a rebound.
4:17 of 1st period - Zackary Nowry wins face-off versus Pyotr Zarubayev in Bandits zone.
4:28 of 1st period - Wrist shot by Ali Kurakov.
4:28 of 1st period - Shot Misses the Net.
4:46 of 1st period - Snap shot by Elie Van Der Male.
4:46 of 1st period - Shot Misses the Net.
4:48 of 1st period - Slapshot by Casey Mctavish.
4:48 of 1st period - Stopped by Harri-Juhani Sutelainen with a rebound.
4:50 of 1st period - Slapshot by Hale Labrecque.
4:50 of 1st period - Stopped by Harri-Juhani Sutelainen with a rebound.
5:14 of 1st period - Slapshot by Carl Stiles.
5:14 of 1st period - Stopped by Harri-Juhani Sutelainen with a rebound.
5:30 of 1st period - Slapshot by Lukasz Pomfret.
5:30 of 1st period - Shot Misses the Net.
5:52 of 1st period - Jaryd Rooke is hit by Pyotr Zarubayev.
6:00 of 1st period - Wrist shot by Artem Ivalahti.
6:00 of 1st period - Stopped by Harri-Juhani Sutelainen with a rebound.
6:02 of 1st period - Slapshot by Luke Vanni.
6:02 of 1st period - Shot Blocked by Ali Kurakov.
6:04 of 1st period - Slapshot by Luke Vanni.
6:04 of 1st period - Deflect By Zackary Nowry.
6:04 of 1st period - Shot Misses the Net.
6:04 of 1st period - Puck is out of play.
6:05 of 1st period - Vladilen Kanareikin wins face-off versus Elie Van Der Male in Bandits zone.
6:31 of 1st period - Bruno-Carl Young is hit by Pyotr Zarubayev.
6:49 of 1st period - Icing by Gerhard Ryffel.
6:50 of 1st period - Braydon Trinh wins face-off versus Nino Hebar in Bandits zone.
6:57 of 1st period - Wrist shot by Zayden Rankine.
6:57 of 1st period - Deflect By Leonard Bjorklund.
6:57 of 1st period - Stopped by Harri-Juhani Sutelainen without a rebound.
6:58 of 1st period - Pyotr Zarubayev wins face-off versus Elie Van Der Male in Bandits zone.
8:38 of 1st period - Snap shot by Bruno-Carl Young.
8:38 of 1st period - Shot Misses the Net.
8:40 of 1st period - Slapshot by Dalen Palmateer.
8:40 of 1st period - Stopped by Harri-Juhani Sutelainen without a rebound.
8:41 of 1st period - Elie Van Der Male wins face-off versus Pyotr Zarubayev in Bandits zone.
8:44 of 1st period - Snap shot by Donavon Sorley.
8:44 of 1st period - Shot Hit the Post.
9:10 of 1st period - Wrist shot by Ali Kurakov.
9:10 of 1st period - Deflect By Pyotr Zarubayev.
9:10 of 1st period - Shot Blocked by Elie Van Der Male.
9:10 of 1st period - Puck is out of play.
9:11 of 1st period - Nino Hebar wins face-off versus Zackary Nowry in Muertos zone.
9:38 of 1st period - Lukasz Pomfret is hit by Zayden Rankine and loses puck.
9:59 of 1st period - Ali Kurakov is hit by Elie Van Der Male and loses puck.
10:11 of 1st period - Pyotr Zarubayev is hit by Carl Stiles and loses puck.
10:49 of 1st period - Charlie Esau is hit by Luke Vanni and loses puck.
11:56 of 1st period - Snap shot by Nino Hebar.
11:56 of 1st period - Shot Misses the Net.
11:58 of 1st period - Wrist shot by Abram Nalyvaichuk.
11:58 of 1st period - Shot Hit the Post.
12:00 of 1st period - Slapshot by Abram Nalyvaichuk.
12:00 of 1st period - Stopped by Andrew Wiewel with a rebound.
12:02 of 1st period - Wrist shot by Abram Nalyvaichuk.
12:02 of 1st period - Stopped by Andrew Wiewel without a rebound.
12:03 of 1st period - Dalen Palmateer wins face-off versus Cade Calkins in Muertos zone.
12:08 of 1st period - Denis Kochetkov is hit by Luke Vanni.
12:20 of 1st period - Lukasz Pomfret is hit by Luke Vanni and loses puck.
12:28 of 1st period - Icing by Lukasz Pomfret.
12:29 of 1st period - Nino Hebar wins face-off versus Zackary Nowry in Bandits zone.
12:44 of 1st period - Zackary Nowry is hit by Grels Hohka and loses puck.
13:17 of 1st period - Pyotr Zarubayev is hit by Vsevolod Neretin and loses puck.
13:58 of 1st period - Snap shot by Donavon Sorley.
13:58 of 1st period - Deflect By Elie Van Der Male.
13:58 of 1st period - Stopped by Harri-Juhani Sutelainen without a rebound.
13:59 of 1st period - Elie Van Der Male wins face-off versus Grels Hohka in Bandits zone.
14:04 of 1st period - Slapshot by Elie Van Der Male.
14:04 of 1st period - Stopped by Harri-Juhani Sutelainen with a rebound.
14:12 of 1st period - Slapshot by Nino Hebar.
14:12 of 1st period - Shot Blocked by Luke Vanni.
14:14 of 1st period - Snap shot by Grels Hohka.
14:14 of 1st period - Stopped by Andrew Wiewel with a rebound.
14:16 of 1st period - Wrist shot by Nino Hebar.
14:16 of 1st period - Stopped by Andrew Wiewel with a rebound.
14:18 of 1st period - Wrist shot by Fernando Zanette.
14:18 of 1st period - Deflect By Grels Hohka.
14:18 of 1st period - Shot Misses the Net.
14:18 of 1st period - Puck is out of play.
14:19 of 1st period - Cade Calkins wins face-off versus Zackary Nowry in Muertos zone.
14:44 of 1st period - Gerhard Ryffel is hit by Luke Vanni and loses puck.
14:55 of 1st period - Wrist shot by Vladilen Kanareikin.
14:55 of 1st period - Stopped by Andrew Wiewel with a rebound.
15:05 of 1st period - Wrist shot by Vladilen Kanareikin.
15:05 of 1st period - Stopped by Andrew Wiewel without a rebound.
15:06 of 1st period - Nino Hebar wins face-off versus Dalen Palmateer in Muertos zone.
15:07 of 1st period - Wrist shot by Dominick Maclellan.
15:07 of 1st period - Shot Blocked by Feng Xingyi.
15:09 of 1st period - Snap shot by Grels Hohka.
15:09 of 1st period - Shot Blocked by Carl Stiles.
15:11 of 1st period - Slapshot by Charlie Esau.
15:11 of 1st period - Shot Blocked by Dalen Palmateer.
15:13 of 1st period - Slapshot by Charlie Esau.
15:13 of 1st period - Shot Misses the Net.
15:15 of 1st period - Slapshot by Charlie Esau.
15:15 of 1st period - Stopped by Andrew Wiewel with a rebound.
15:17 of 1st period - Slapshot by Charlie Esau.
15:17 of 1st period - Shot Blocked by Casey Mctavish.
15:54 of 1st period - Evin Lapointe is hit by Braydon Trinh and loses puck.
16:15 of 1st period - Feng Xingyi is hit by Dominick Maclellan and loses puck.
16:29 of 1st period - Feng Xingyi is hit by Nino Hebar and loses puck.
16:48 of 1st period - Wrist shot by Hale Labrecque.
16:48 of 1st period - Shot Misses the Net.
17:00 of 1st period - Luke Vanni is hit by Grels Hohka and loses puck.
19:20 of 1st period - Gerhard Ryffel is hit by Jaryd Rooke and loses puck.
19:29 of 1st period - Jaryd Rooke is hit by Grels Hohka and loses puck.
19:48 of 1st period - Snap shot by Zackary Nowry.
19:48 of 1st period - Stopped by Harri-Juhani Sutelainen with a rebound.
19:58 of 1st period - Snap shot by Dominick Maclellan.
19:58 of 1st period - Stopped by Andrew Wiewel without a rebound.
19:59 of 1st period - Cade Calkins wins face-off versus Elie Van Der Male in Muertos zone.
Goals for this period are 0 for Muertos vs 0 for Bandits.
Shots for this period are 16 for Muertos vs 10 for Bandits.
2nd Period

0:01 of 2nd period - Cade Calkins wins face-off versus Elie Van Der Male in neutral zone.
0:10 of 2nd period - Elie Van Der Male is hit by Fernando Zanette and loses puck.
0:14 of 2nd period - Icing by Elie Van Der Male.
0:15 of 2nd period - Pyotr Zarubayev wins face-off versus Elie Van Der Male in Muertos zone.
1:06 of 2nd period - Timothy Pham is hit by Zackary Nowry and loses puck.
1:12 of 2nd period - Off-side.
1:13 of 2nd period - Vallu Vaatainen wins face-off versus Elie Van Der Male in neutral zone.
1:22 of 2nd period - Wrist shot by Ali Kurakov.
1:22 of 2nd period - Stopped by Andrew Wiewel without a rebound.
1:23 of 2nd period - Elie Van Der Male wins face-off versus Pyotr Zarubayev in Muertos zone.
1:28 of 2nd period - Slapshot by Carl Stiles.
1:28 of 2nd period - Shot Blocked by Charlie Esau.
1:34 of 2nd period - Vallu Vaatainen is hit by Casey Mctavish and loses puck.
1:55 of 2nd period - Snap shot by Ali Kurakov.
1:55 of 2nd period - Shot Misses the Net.
1:57 of 2nd period - Slapshot by Abram Nalyvaichuk.
1:57 of 2nd period - Shot Misses the Net.
1:59 of 2nd period - Wrist shot by Ali Kurakov.
1:59 of 2nd period - Shot Misses the Net.
2:01 of 2nd period - Snap shot by Pyotr Zarubayev.
2:01 of 2nd period - Stopped by Andrew Wiewel without a rebound.
2:02 of 2nd period - Cade Calkins wins face-off versus Dalen Palmateer in Muertos zone.
2:17 of 2nd period - Slapshot by Vladilen Kanareikin.
2:17 of 2nd period - Stopped by Andrew Wiewel with a rebound.
2:19 of 2nd period - Snap shot by Cade Calkins.
2:19 of 2nd period - Stopped by Andrew Wiewel with a rebound.
2:36 of 2nd period - Snap shot by Lukasz Pomfret.
2:36 of 2nd period - Deflect By Grels Hohka.
2:36 of 2nd period - Stopped by Andrew Wiewel with a rebound.
2:38 of 2nd period - Slapshot by Lukasz Pomfret.
2:38 of 2nd period - Shot Misses the Net.
2:42 of 2nd period - Wrist shot by Nino Hebar.
2:42 of 2nd period - Shot Misses the Net.
3:13 of 2nd period - Vsevolod Neretin is hit by Lloyd Mceachern and loses puck.
3:18 of 2nd period - Snap shot by Lloyd Mceachern.
3:18 of 2nd period - Shot Misses the Net.
3:45 of 2nd period - Slapshot by Kody Schutz.
3:45 of 2nd period - Shot Misses the Net.
3:47 of 2nd period - Slapshot by Casey Mctavish.
3:47 of 2nd period - Shot Misses the Net.
3:49 of 2nd period - Snap shot by Kody Schutz.
3:49 of 2nd period - Stopped by Harri-Juhani Sutelainen without a rebound.
3:50 of 2nd period - Elie Van Der Male wins face-off versus Pyotr Zarubayev in Bandits zone.
4:39 of 2nd period - Off-side.
4:40 of 2nd period - Braydon Trinh wins face-off versus Nino Hebar in neutral zone.
4:42 of 2nd period - Charlie Esau and Braydon Trinh fight to a draw.
4:42 of 2nd period - Penalty to Charlie Esau for Fighting.
4:42 of 2nd period - Penalty to Braydon Trinh for Fighting.
4:42 of 2nd period - Penalty to Braydon Trinh for instigated a fight.
4:42 of 2nd period - Penalty to Braydon Trinh for instigated a fight.
4:43 of 2nd period - Nino Hebar wins face-off versus Donavon Sorley in Bandits zone.
6:42 of 2nd period - Penalty to Braydon Trinh is over, Leonard Bjorklund is send on ice.
7:08 of 2nd period - Evin Lapointe is hit by Zayden Rankine and loses puck.
7:23 of 2nd period - Snap shot by Gerhard Ryffel.
7:23 of 2nd period - Stopped by Andrew Wiewel with a rebound.
7:25 of 2nd period - Snap shot by Pyotr Zarubayev.
7:25 of 2nd period - Shot Misses the Net.
7:27 of 2nd period - Snap shot by Fernando Zanette.
7:27 of 2nd period - Stopped by Andrew Wiewel with a rebound.
7:55 of 2nd period - Dalen Palmateer is hit by Cade Calkins.
8:35 of 2nd period - Carl Stiles is hit by Grels Hohka and loses puck.
9:45 of 2nd period - Cade Calkins is hit by Dalen Palmateer.
10:06 of 2nd period - Pete Eckersley is hit by Leonard Bjorklund and loses puck.
10:53 of 2nd period - Icing by Luke Vanni.
10:54 of 2nd period - Dalen Palmateer wins face-off versus Vallu Vaatainen in Muertos zone.
10:59 of 2nd period - Lukasz Pomfret is hit by Jaryd Rooke and loses puck.
11:22 of 2nd period - Pyotr Zarubayev is hit by Donavon Sorley and loses puck.
11:35 of 2nd period - Icing by Denis Kochetkov.
11:36 of 2nd period - Pyotr Zarubayev wins face-off versus Zackary Nowry in Bandits zone.
12:33 of 2nd period - Backhand shot by Pyotr Zarubayev.
12:33 of 2nd period - Stopped by Andrew Wiewel without a rebound.
12:34 of 2nd period - Elie Van Der Male wins face-off versus Lloyd Mceachern in Muertos zone.
12:41 of 2nd period - Snap shot by Hale Labrecque.
12:41 of 2nd period - Goal by Hale Labrecque - Muertos : 1 - Bandits : 0.
12:42 of 2nd period - Cade Calkins wins face-off versus Dalen Palmateer in neutral zone.
12:49 of 2nd period - Snap shot by Vladilen Kanareikin.
12:49 of 2nd period - Stopped by Andrew Wiewel with a rebound.
13:09 of 2nd period - Dominick Maclellan is hit by Elie Van Der Male and loses puck.
13:30 of 2nd period - Slapshot by Evin Lapointe.
13:30 of 2nd period - Stopped by Andrew Wiewel with a rebound.
13:32 of 2nd period - Wrist shot by Pete Eckersley.
13:32 of 2nd period - Shot Blocked by Jaryd Rooke.
13:34 of 2nd period - Wrist shot by Evin Lapointe.
13:34 of 2nd period - Shot Misses the Net.
13:36 of 2nd period - Slapshot by Charlie Esau.
13:36 of 2nd period - Stopped by Andrew Wiewel without a rebound.
13:37 of 2nd period - Cade Calkins wins face-off versus Dalen Palmateer in Muertos zone.
13:42 of 2nd period - Snap shot by Lloyd Mceachern.
13:42 of 2nd period - Stopped by Andrew Wiewel without a rebound.
13:43 of 2nd period - Dalen Palmateer wins face-off versus Cade Calkins in Muertos zone.
13:52 of 2nd period - Snap shot by Feng Xingyi.
13:52 of 2nd period - Stopped by Harri-Juhani Sutelainen with a rebound.
13:54 of 2nd period - Snap shot by Dalen Palmateer.
13:54 of 2nd period - Stopped by Harri-Juhani Sutelainen with a rebound.
13:56 of 2nd period - Snap shot by Dalen Palmateer.
13:56 of 2nd period - Deflect By Feng Xingyi.
13:56 of 2nd period - Shot Misses the Net.
13:56 of 2nd period - Puck is out of play.
13:57 of 2nd period - Elie Van Der Male wins face-off versus Cade Calkins in Bandits zone.
14:34 of 2nd period - Off-side.
14:35 of 2nd period - Cade Calkins wins face-off versus Zackary Nowry in neutral zone.
14:40 of 2nd period - Snap shot by Lloyd Mceachern.
14:40 of 2nd period - Stopped by Andrew Wiewel with a rebound.
14:42 of 2nd period - Slapshot by Abram Nalyvaichuk.
14:42 of 2nd period - Stopped by Andrew Wiewel with a rebound.
14:44 of 2nd period - Snap shot by Cade Calkins.
14:44 of 2nd period - Shot Misses the Net.
14:46 of 2nd period - Snap shot by Vladilen Kanareikin.
14:46 of 2nd period - Shot Misses the Net.
14:48 of 2nd period - Snap shot by Vladilen Kanareikin.
14:48 of 2nd period - Stopped by Andrew Wiewel without a rebound.
14:49 of 2nd period - Cade Calkins wins face-off versus Elie Van Der Male in Muertos zone.
14:52 of 2nd period - Slapshot by Vladilen Kanareikin.
14:52 of 2nd period - Shot Misses the Net.
15:00 of 2nd period - Snap shot by Lloyd Mceachern.
15:00 of 2nd period - Shot Misses the Net.
15:02 of 2nd period - Wrist shot by Cade Calkins.
15:02 of 2nd period - Shot Blocked by Casey Mctavish.
15:16 of 2nd period - Pyotr Zarubayev is hit by Casey Mctavish and loses puck.
15:49 of 2nd period - Grels Hohka is hit by Carl Stiles and loses puck.
16:02 of 2nd period - Snap shot by Kody Schutz.
16:02 of 2nd period - Stopped by Harri-Juhani Sutelainen without a rebound.
16:03 of 2nd period - Pete Eckersley wins face-off versus Kody Schutz in Bandits zone.
16:03 of 2nd period - Pete Eckersley is hit by Leonard Bjorklund.
16:15 of 2nd period - Slapshot by Pete Eckersley.
16:15 of 2nd period - Stopped by Andrew Wiewel with a rebound.
16:37 of 2nd period - Slapshot by Cade Calkins.
16:37 of 2nd period - Stopped by Andrew Wiewel without a rebound.
16:38 of 2nd period - Dalen Palmateer wins face-off versus Cade Calkins in Muertos zone.
17:05 of 2nd period - Pyotr Zarubayev is hit by Vsevolod Neretin and loses puck.
17:52 of 2nd period - Snap shot by Leonard Bjorklund.
17:52 of 2nd period - Shot Misses the Net.
17:54 of 2nd period - Wrist shot by Dalen Palmateer.
17:54 of 2nd period - Stopped by Harri-Juhani Sutelainen without a rebound.
17:55 of 2nd period - Pete Eckersley wins face-off versus Zackary Nowry in Bandits zone.
18:27 of 2nd period - Wrist shot by Pete Eckersley.
18:27 of 2nd period - Shot Blocked by Carl Stiles.
18:31 of 2nd period - Snap shot by Pete Eckersley.
18:31 of 2nd period - Shot Misses the Net.
18:33 of 2nd period - Wrist shot by Pete Eckersley.
18:33 of 2nd period - Deflect By Timothy Pham.
18:33 of 2nd period - Shot Blocked by Kody Schutz.
18:33 of 2nd period - Puck is out of play.
18:34 of 2nd period - Elie Van Der Male wins face-off versus Cade Calkins in Muertos zone.
18:41 of 2nd period - Slapshot by Charlie Esau.
18:41 of 2nd period - Shot Misses the Net.
18:43 of 2nd period - Wrist shot by Lloyd Mceachern.
18:43 of 2nd period - Deflect By Cade Calkins.
18:43 of 2nd period - Shot Misses the Net.
18:43 of 2nd period - Puck is out of play.
18:44 of 2nd period - Cade Calkins wins face-off versus Elie Van Der Male in Muertos zone.
19:11 of 2nd period - Donavon Sorley is hit by Lloyd Mceachern and loses puck.
19:22 of 2nd period - Slapshot by Vladilen Kanareikin.
19:22 of 2nd period - Deflect By Lloyd Mceachern.
19:22 of 2nd period - Shot Misses the Net.
19:22 of 2nd period - Puck is out of play.
19:23 of 2nd period - Dalen Palmateer wins face-off versus Ali Kurakov in Muertos zone.
19:28 of 2nd period - Snap shot by Bruno-Carl Young.
19:28 of 2nd period - Shot Misses the Net.
19:42 of 2nd period - 10 Minutes Misconduct Penalty to Braydon Trinh is over.
Goals for this period are 1 for Muertos vs 0 for Bandits.
Shots for this period are 6 for Muertos vs 17 for Bandits.
3rd Period

0:01 of 3rd period - Dalen Palmateer wins face-off versus Lloyd Mceachern in neutral zone.
0:04 of 3rd period - Abram Nalyvaichuk is hit by Luke Vanni and loses puck.
1:04 of 3rd period - Slapshot by Feng Xingyi.
1:04 of 3rd period - Shot Misses the Net.
1:10 of 3rd period - Snap shot by Feng Xingyi.
1:10 of 3rd period - Stopped by Harri-Juhani Sutelainen with a rebound.
1:12 of 3rd period - Snap shot by Bruno-Carl Young.
1:12 of 3rd period - Shot Misses the Net.
1:14 of 3rd period - Wrist shot by Dalen Palmateer.
1:14 of 3rd period - Stopped by Harri-Juhani Sutelainen without a rebound.
1:15 of 3rd period - Elie Van Der Male wins face-off versus Pyotr Zarubayev in Bandits zone.
1:42 of 3rd period - Dominick Maclellan is hit by Artem Ivalahti.
2:12 of 3rd period - Timothy Pham is hit by Luke Vanni and loses puck.
2:27 of 3rd period - Hale Labrecque is hit by Pyotr Zarubayev.
2:33 of 3rd period - Snap shot by Charlie Esau.
2:33 of 3rd period - Stopped by Andrew Wiewel without a rebound.
2:34 of 3rd period - Zackary Nowry wins face-off versus Nino Hebar in Muertos zone.
2:34 of 3rd period - Zackary Nowry is hit by Dominick Maclellan.
3:10 of 3rd period - Slapshot by Denis Kochetkov.
3:10 of 3rd period - Stopped by Andrew Wiewel with a rebound.
3:33 of 3rd period - Fernando Zanette is hit by Jaryd Rooke and loses puck.
4:09 of 3rd period - Off-side.
4:10 of 3rd period - Donavon Sorley wins face-off versus Cade Calkins in neutral zone.
4:36 of 3rd period - Elie Van Der Male is hit by Abram Nalyvaichuk and loses puck.
4:53 of 3rd period - Snap shot by Hale Labrecque.
4:53 of 3rd period - Shot Blocked by Gerhard Ryffel.
5:07 of 3rd period - Slapshot by Pete Eckersley.
5:07 of 3rd period - Stopped by Andrew Wiewel with a rebound.
5:21 of 3rd period - Wrist shot by Donavon Sorley.
5:21 of 3rd period - Stopped by Harri-Juhani Sutelainen with a rebound.
5:23 of 3rd period - Wrist shot by Jaryd Rooke.
5:23 of 3rd period - Stopped by Harri-Juhani Sutelainen without a rebound.
5:24 of 3rd period - Zackary Nowry wins face-off versus Pyotr Zarubayev in Bandits zone.
5:27 of 3rd period - Snap shot by Artem Ivalahti.
5:27 of 3rd period - Stopped by Harri-Juhani Sutelainen without a rebound.
5:28 of 3rd period - Artem Ivalahti wins face-off versus Pyotr Zarubayev in Bandits zone.
5:31 of 3rd period - Snap shot by Kody Schutz.
5:31 of 3rd period - Shot Misses the Net.
5:33 of 3rd period - Slapshot by Casey Mctavish.
5:33 of 3rd period - Shot Misses the Net.
5:45 of 3rd period - Snap shot by Artem Ivalahti.
5:45 of 3rd period - Stopped by Harri-Juhani Sutelainen without a rebound.
5:46 of 3rd period - Cade Calkins wins face-off versus Dalen Palmateer in Bandits zone.
5:58 of 3rd period - Snap shot by Dalen Palmateer.
5:58 of 3rd period - Shot Misses the Net.
6:00 of 3rd period - Wrist shot by Bruno-Carl Young.
6:00 of 3rd period - Stopped by Harri-Juhani Sutelainen with a rebound.
6:02 of 3rd period - Slapshot by Carl Stiles.
6:02 of 3rd period - Shot Blocked by Lloyd Mceachern.
6:35 of 3rd period - Snap shot by Zayden Rankine.
6:35 of 3rd period - Stopped by Harri-Juhani Sutelainen with a rebound.
7:57 of 3rd period - Leonard Bjorklund is hit by Nino Hebar and loses puck.
8:08 of 3rd period - Abram Nalyvaichuk is hit by Zayden Rankine and loses puck.
9:38 of 3rd period - Leonard Bjorklund is hit by Nino Hebar and loses puck.
9:54 of 3rd period - Fernando Zanette is hit by Jaryd Rooke and loses puck.
10:18 of 3rd period - Lloyd Mceachern is hit by Luke Vanni and loses puck.
10:37 of 3rd period - Slapshot by Pyotr Zarubayev.
10:37 of 3rd period - Stopped by Andrew Wiewel without a rebound.
10:38 of 3rd period - Zackary Nowry wins face-off versus Pyotr Zarubayev in Muertos zone.
10:51 of 3rd period - Pyotr Zarubayev is hit by Zackary Nowry and loses puck.
10:58 of 3rd period - Slapshot by Abram Nalyvaichuk.
10:58 of 3rd period - Goal by Abram Nalyvaichuk - Muertos : 1 - Bandits : 1.
10:59 of 3rd period - Cade Calkins wins face-off versus Dalen Palmateer in neutral zone.
11:11 of 3rd period - Wrist shot by Dalen Palmateer.
11:11 of 3rd period - Shot Misses the Net.
11:17 of 3rd period - Charlie Esau is hit by Casey Mctavish and loses puck.
11:50 of 3rd period - Snap shot by Donavon Sorley.
11:50 of 3rd period - Stopped by Harri-Juhani Sutelainen without a rebound.
11:51 of 3rd period - Elie Van Der Male wins face-off versus Pyotr Zarubayev in Bandits zone.
12:02 of 3rd period - Slapshot by Donavon Sorley.
12:02 of 3rd period - Stopped by Harri-Juhani Sutelainen with a rebound.
12:40 of 3rd period - Casey Mctavish is hit by Gerhard Ryffel and loses puck.
13:05 of 3rd period - Snap shot by Hale Labrecque.
13:05 of 3rd period - Shot Misses the Net.
13:35 of 3rd period - Snap shot by Leonard Bjorklund.
13:35 of 3rd period - Stopped by Harri-Juhani Sutelainen without a rebound.
13:36 of 3rd period - Nino Hebar wins face-off versus Dalen Palmateer in Bandits zone.
13:36 of 3rd period - Nino Hebar is hit by Bruno-Carl Young.
14:02 of 3rd period - Kody Schutz is hit by Vladilen Kanareikin and loses puck.
14:28 of 3rd period - Off-side.
14:29 of 3rd period - Timothy Pham wins face-off versus Dalen Palmateer in neutral zone.
14:46 of 3rd period - Wrist shot by Pete Eckersley.
14:46 of 3rd period - Stopped by Andrew Wiewel without a rebound.
14:47 of 3rd period - Elie Van Der Male wins face-off versus Nino Hebar in Muertos zone.
15:54 of 3rd period - Gerhard Ryffel is hit by Casey Mctavish and loses puck.
16:40 of 3rd period - Off-side.
16:41 of 3rd period - Artem Ivalahti wins face-off versus Nino Hebar in neutral zone.
16:48 of 3rd period - Wrist shot by Kody Schutz.
16:48 of 3rd period - Shot Misses the Net.
16:50 of 3rd period - Wrist shot by Artem Ivalahti.
16:50 of 3rd period - Stopped by Harri-Juhani Sutelainen without a rebound.
16:51 of 3rd period - Zackary Nowry wins face-off versus Pyotr Zarubayev in Bandits zone.
17:02 of 3rd period - Jaryd Rooke is hit by Ali Kurakov and loses puck.
17:19 of 3rd period - Gerhard Ryffel is hit by Luke Vanni and loses puck.
17:34 of 3rd period - Minor Penalty to Dominick Maclellan for Unsportsmanlike conduct.
17:35 of 3rd period - Pete Eckersley wins face-off versus Dalen Palmateer in Bandits zone.
17:42 of 3rd period - Dalen Palmateer is hit by Charlie Esau and loses puck.
18:01 of 3rd period - Abram Nalyvaichuk is hit by Elie Van Der Male and loses puck.
18:14 of 3rd period - Slapshot by Hale Labrecque.
18:14 of 3rd period - Shot Misses the Net.
18:40 of 3rd period - Jaryd Rooke is hit by Ali Kurakov and loses puck.
19:34 of 3rd period - Penalty to Dominick Maclellan is over, Dominick Maclellan is back on ice.
19:36 of 3rd period - Icing by Luke Vanni.
19:37 of 3rd period - Nino Hebar wins face-off versus Kody Schutz in Muertos zone.
Goals for this period are 0 for Muertos vs 1 for Bandits.
Shots for this period are 12 for Muertos vs 6 for Bandits.
Overtime

0:01 of 1st overtime period - Nino Hebar wins face-off versus Dalen Palmateer in neutral zone.
0:10 of 1st overtime period - Snap shot by Lloyd Mceachern.
0:10 of 1st overtime period - Stopped by Andrew Wiewel with a rebound.
0:12 of 1st overtime period - Wrist shot by Nino Hebar.
0:12 of 1st overtime period - Shot Blocked by Luke Vanni.
0:14 of 1st overtime period - Wrist shot by Nino Hebar.
0:14 of 1st overtime period - Shot Misses the Net.
0:16 of 1st overtime period - Wrist shot by Lloyd Mceachern.
0:16 of 1st overtime period - Stopped by Andrew Wiewel with a rebound.
0:33 of 1st overtime period - Backhand shot by Vladilen Kanareikin.
0:33 of 1st overtime period - Stopped by Andrew Wiewel with a rebound.
0:35 of 1st overtime period - Wrist shot by Cade Calkins.
0:35 of 1st overtime period - Shot Blocked by Luke Vanni.
0:37 of 1st overtime period - Slapshot by Lukasz Pomfret.
0:37 of 1st overtime period - Shot Hit the Post.
1:43 of 1st overtime period - Bruno-Carl Young is hit by Nino Hebar and loses puck.
2:20 of 1st overtime period - Wrist shot by Kody Schutz.
2:20 of 1st overtime period - Stopped by Harri-Juhani Sutelainen with a rebound.
4:03 of 1st overtime period - Icing by Evin Lapointe.
4:04 of 1st overtime period - Pete Eckersley wins face-off versus Hale Labrecque in Bandits zone.
4:17 of 1st overtime period - Snap shot by Donavon Sorley.
4:17 of 1st overtime period - Deflect By Hale Labrecque.
4:17 of 1st overtime period - Stopped by Harri-Juhani Sutelainen with a rebound.
4:31 of 1st overtime period - Slapshot by Dalen Palmateer.
4:31 of 1st overtime period - Goal by Dalen Palmateer - Muertos : 2 - Bandits : 1.
Goals for this period are 1 for Muertos vs 0 for Bandits.
Shots for this period are 3 for Muertos vs 3 for Bandits.

3 STARS

1st Star
G
31
SA 36
GA 1
SV% 0.972
TOI 64:31
2nd Star
D
4
G 0
A 2
+/- 1
TOI 21:20
3rd Star
G
33
SA 37
GA 2
SV% 0.946
TOI 64:31

Game Stats

MUE
VS
BAN
2 Goals 1
37 Shots 36
13 Blocked Shots 5
22 Missed Shots 24
50 Faceoff % 53.6
1 Power Plays 1
0 Power Play Goals 0
0 Power Play % 0

GAME DETAILS

VENUE
Unknown
CITY
Unknown
REFEREES
Kelly Sutherland, Bill McCreary
LINESMEN
Dave Madsen, Jerry Pateman
ATTENDANCE
17,389